 Dungeon Crawl Stone Soup version 0.19-a0-1498-g0b85ae9 (webtiles) character file.

60 Leszczynek the Cudgeler (level 4, 0/39 HPs)
             Began as an Ogre Necromancer on Sept 10, 2016.
             Slain by Natasha (2 damage)
             ... on level 3 of the Dungeon.
             The game lasted 00:06:16 (1362 turns).

Leszczynek the Cudgeler (Ogre Necromancer)          Turns: 1362, Time: 00:06:16

Health: 0/39       AC:  4    Str: 18 (19) XL:     4   Next: 6%
Magic:  2/7        EV: 15    Int: 12 (14) God:
Gold:   69         SH:  0    Dex: 17 (18) Spells: 2 memorised, 5 levels left

rFire  + + .     SeeInvis .     a - +0 mace
rCold  + . .     Gourm    .     h - +0 robe
rNeg   . . .     Faith    .     (no shield)
rPois  +         Spirit   .     (helmet restricted)
rElec  +         Dismiss  .     p - +0 cloak
rCorr  +         Reflect  .     (gloves unavailable)
MR     .....     Harm     .     (boots unavailable)
Stlth  +++.......               (no amulet)
                                g - +3 ring of dexterity
                                e - ring of protection from fire

@: mighty, agile, resistant
A: unfitting armour, tough skin 1
a: no special abilities


You were on level 3 of the Dungeon.
You were not hungry.

You visited 1 branch of the dungeon, and saw 4 of its levels.

You collected 69 gold pieces.

Inventory:

Hand Weapons
 a - a +0 mace (weapon)
 c - a +0 whip
Armour
 h - a +0 robe (worn)
 p - a +0 cloak (worn)
Jewellery
 e - a ring of protection from fire (left hand)
 g - a +3 ring of dexterity (right hand)
Wands
 r - a wand of lightning (4/15)
Scrolls
 j - 2 scrolls of immolation {unknown}
 l - 2 scrolls of teleportation {unknown}
 n - a scroll of remove curse {unknown}
 q - a scroll of blinking {unknown}
 t - a scroll of fear {unknown}
Potions
 i - a potion of berserk rage {unknown}
Books
 b - a book of Necromancy

   Spells                             Type                      Level
   a - Pain                           Necromancy                   1
   b - Animate Skeleton               Necromancy                   1
   c - Vampiric Draining              Necromancy                   3
   d - Regeneration                   Charms/Necromancy            3
   e - Animate Dead                   Necromancy                   4
   f - Control Undead                 Necromancy                   4
Comestibles
 d - 2 bread rations
 k - 2 meat rations
 s - a beef jerky


   Skills:
 + Level 4.6 Maces & Flails
 - Level 1.7 Dodging
 - Level 1.5 Stealth
 - Level 2.4 Spellcasting
 - Level 2.9 Necromancy


You had 5 spell levels left.
You knew the following spells:

 Your Spells              Type           Power        Failure   Level  Hunger
a - Pain                  Necr           #...         10%         1    ##.....
b - Animate Skeleton      Necr           N/A          10%         1    ##.....


Dungeon Overview and Level Annotations

Branches:
Dungeon (4/15)
 Temple: D:4-7

Altars:
Gozag

Annotations:
D:3 Natasha


Innate Abilities, Weirdness & Mutations

You are too large for most types of armour.
You have tough skin. (AC +1)


Message History

* * * LOW HITPOINT WARNING * * *
Casting: Pain
Confirm with . or Enter, or press ? or * to list all spells.
Okay, then.
It was a potion of agility.
You feel agile all of a sudden. Natasha misses you.
It was a potion of resistance.
You feel protected.
Natasha casts a spell.
It was a potion of degeneration.
There was something very wrong with that liquid.
You feel weakened.
You feel dopey.
You feel clumsy.
Natasha stares at you and mumbles some strange words.
The magic dart hits you!
* * * LOW HITPOINT WARNING * * *
It was a potion of might.
You feel very mighty all of a sudden. Natasha claws you.
You die...

#. .# #...... #. #.#
#......##.##.# #......# ..#.#
#......# #.#.### #......# .....
####......# #..###############
..........####5h#.............#
..........'....@#.............#
..........#######.............#
..........# #.............##
#....(...#######...............
#.............##.............##
######........##...........)<#
#........############'#.#
#........# #....####'#.#
#........# #......<....#


You could see an iron imp and Natasha.

Vanquished Creatures
  2 adders
  A worm (D:2)
  5 giant geckos
  An orc (D:3)
  5 bats
  2 giant cockroaches
  2 goblins (D:1)
  3 hobgoblins
  3 jackals (D:2)
  A quokka (D:2)
  5 giant newts (D:1)
  4 kobolds
  2 rats
36 creatures vanquished.

Vanquished Creatures (collateral kills)
  A giant newt (D:1)
1 creature vanquished.

Grand Total: 37 creatures vanquished

Notes
Turn   | Place    | Note
-------+----------+-------------------------------------------
     0 | D:1      | Leszczynek the Ogre Necromancer began the quest for the Orb.
     0 | D:1      | Reached XP level 1. HP: 16/16 MP: 3/3
     2 | D:1      | Learned a level 1 spell: Animate Skeleton
   107 | D:1      | Reached skill level 1 in Maces & Flails
   342 | D:2      | Reached skill level 2 in Maces & Flails
   342 | D:2      | Reached XP level 2. HP: 9/24 MP: 1/5
   615 | D:2      | Reached skill level 3 in Maces & Flails
   657 | D:2      | Reached XP level 3. HP: 12/31 MP: 2/6
   929 | D:2      | Reached skill level 4 in Maces & Flails
  1276 | D:3      | Found an opulent altar of Gozag.
  1316 | D:3      | Reached XP level 4. HP: 28/39 MP: 2/7
  1348 | D:3      | Noticed Natasha
  1351 | D:4      | Noticed an ogre
  1361 | D:3      | HP: 2/39 [Natasha/magic dart (6)]
  1362 | D:3      | Slain by Natasha

Vault maps used:
D:1:      dpeg_arrival_pond, minmay_lizard_king
D:2:      first_bread, fountainhead, hex_tiny
D:3:      portal_sewer_entry_b, nicolae_gozag_seed_capital, uniq_natasha
D:4:      kennysheep_another_room

Skill      XL: |  1  2  3 |
---------------+----------+-----
Maces & Flails | 2 3 4 |  4.6
Dodging        | |  1.7
Stealth        | |  1.5
Spellcasting   | |  2.4
Necromancy     | |  2.9

Action                   |  1- 3 |  4- 6 || total
-------------------------+-------+-------++-------
Melee: Whip              |    11 |       ||    11
       Mace              |    80 |     2 ||    82
 Cast: Pain              |    22 |     5 ||    27
       Animate Skeleton  |     9 |       ||     9
  Use: Potion            |       |     4 ||     4
  Eat: Chunk             |     3 |       ||     3
Armor: Robe              |    32 |     3 ||    35
Dodge: Dodged            |    71 |     3 ||    74
